 Dungeon Crawl Stone Soup version 0.28-b1-25-g9875b3fc8c (webtiles) character file.

Game seed: 11645031656526175728

28 mopl the Insei (level 3, -7/27 HPs)
             Began as a Djinni Transmuter on Feb 7, 2022.
             Was a Follower of Nemelex Xobeh.
             Mangled by Crazy Yiuf (13 damage)
             ... on level 2 of the Dungeon.
             The game lasted 00:02:31 (1234 turns).

mopl the Insei (Djinni Transmuter)                  Turns: 1234, Time: 00:02:32

Health: -7/27      AC:  2    Str:  9    XL:     3   Next: 27%
Gold:   23         EV: 19    Int: 16    God:    Nemelex Xobeh [*.....] SH:  0 Dex: 18

rFire   . . .      SeeInvis .     - Unarmed
rCold   . . .      Faith    .   (shield currently unavailable)
rNeg    . . .      Spirit   .   (armour currently unavailable)
rPois   ∞          Reflect  .   (helmet currently unavailable)
rElec   .          Harm     .   (cloak currently unavailable)
rCorr   .          Rampage  .   (gloves currently unavailable)
Will    .....                   (boots unavailable)
Stlth   ++........              (no amulet)
HPRegen 0.09/turn               (no ring)
MPRegen 0.00/turn               (no ring)

@: spider-form (expiring), flying, slowed, very slow
A: venomous fangs, flying, sickness immunity, tiny, (fire resistance 2), (cold
vulnerability 1), float, innate caster, HP casting, extra vitality 1
a: End Transformation, Renounce Religion, Draw Escape, Draw Destruction, Draw
Summoning


You were on level 2 of the Dungeon.
You worshipped Nemelex Xobeh.
Nemelex Xobeh was aware of your devotion.
You were a venomous arachnid creature.
You visited 1 branch of the dungeon, and saw 2 of its levels.

You collected 23 gold pieces.

Inventory:

Armour
 a - a +0 robe (melded)
Scrolls
 b - a scroll of enchant armour {unknown}
 c - 2 scrolls of identify {unknown}
Potions
 d - a potion of curing {unknown}
 e - a potion of attraction {unknown}


   Skills:
 + Level 1.0 Fighting
 + Level 2.2 Dodging
 * Level 3.8 Unarmed Combat
 + Level 2.0 Spellcasting
 + Level 0.0 Invocations


You couldn't memorise any spells.
You knew the following spells:

 Your Spells              Type           Power      Damage    Failure   Level
a - Beastly Appendage     Tmut           16%        N/A       22%         1
b - Spider Form           Tmut/Pois      8%         N/A       47%         3
c - Magic Dart            Conj           32%        1d4       22%         1
d - Ice Form              Ice/Tmut       8%         N/A       83%         4
w - Wereblood             Tmut           8%         N/A       32%         2
Your spell library was empty.

Dungeon Overview and Level Annotations

Branches:
Dungeon (2/15)

Altars:
Nemelex Xobeh

Annotations:
D:2 Crazy Yiuf


Innate Abilities, Weirdness & Mutations

You are a venomous arachnid creature.
You have poisonous fangs.
You are tiny and dextrous.
You are flying.
Your spellcasting is less reliable in this form.
Your armour is entirely melded.
You are incapable of wielding weapons or throwing items.
You are immune to sickness and miasma.
You are immune to poison.
((Your flesh is very heat resistant. (rF++)))
((You are vulnerable to cold. (rC-)))
You float through the air rather than walking.
You learn spells naturally, not from books.
Your magical power is your life essence.
You have superior vitality. (+4 MHP)


Message History

Found an escape hatch in the floor.
Found a spear.
You see here a +0 spear.
Found a mace.
Found a runed translucent door.
Crazy Yiuf shouts!
Crazy Yiuf whimpers, "Pitchfork pontify snail!"
Casting: Beastly Appendage (safe; 9% risk of failure)
Confirm with . or Enter, or press ? or * to list all spells.
You can't see any susceptible monsters within range! (Use Z to cast anyway.) Unknown command.
Unknown command.
Adjust (i)tems, (s)pells, or (a)bilities?
Adjust which spell? c - Spider Form Adjust to which letter? b - Spider Form; c - Magic Dart
Casting: Beastly Appendage (safe; 9% risk of failure)
Confirm with . or Enter, or press ? or * to list all spells.
The spell is extremely dangerous to miscast (26% risk of failure)!
Continue anyway?
You turn into a venomous arachnid creature.
Your +0 robe melds into your body.
You reach down and open the door.
Crazy Yiuf says, "Pitchfork dark tired!"
You hit Crazy Yiuf but do no damage.
Crazy Yiuf whimpers, "Tosser!"
Crazy Yiuf hits you with a +4 quarterstaff of chaos.
Crazy Yiuf freezes you.
You hit Crazy Yiuf but do no damage.
Crazy Yiuf is poisoned.
Crazy Yiuf hits you with a +4 quarterstaff of chaos!
* * * LOW HITPOINT WARNING * * *
You feel yourself slow down.
You barely miss Crazy Yiuf.
Your transformation is almost over.
Crazy Yiuf screams, "Flower!"
Crazy Yiuf zaps a wand.
The puff of flame hits you.
* * * LOW HITPOINT WARNING * * *
Crazy Yiuf says, "Snower!
East tea foot."
Crazy Yiuf hits you with a +4 quarterstaff of chaos!
You die...
Your body disappears without a glow.

#.........#
#######.### #.#
#.# #.#
♣♣♣♣♣##)## ###
♣♣♣.♣..#...#
#...#♣..♣.......#
#...gs♣♣♣♣......#
#)..#♣♣ ♣♣.#..##
### ♣♣####


You could see Crazy Yiuf (very poisoned).

Vanquished Creatures
  A ball python (D:1)
  2 giant cockroaches (D:1)
  4 goblins (D:1)
  5 hobgoblins (D:1)
  3 jackals (D:1)
  2 kobolds (D:1)
  A quokka (D:1)
  A bat (D:1)
  3 rats (D:1)
22 creatures vanquished.

Notes
Turn   | Place    | Note
-------+----------+-------------------------------------------
     0 | D:1      | mopl the Djinni Transmuter began the quest for the Orb.
     0 | D:1      | Reached XP level 1. HP: 17/17 MP: 0/0
   111 | D:1      | Reached XP level 2. HP: 17/22 MP: 0/0
   673 | D:1      | Reached XP level 3. HP: 22/27 MP: 0/0
   673 | D:1      | Learned a level 1 spell: Magic Dart
   681 | D:1      | Found a faded altar of an unknown god.
   915 | D:1      | Reached skill level 2 in Spellcasting
   926 | D:1      | Prayed at the altar of an unknown god.
   926 | D:1      | Became a worshipper of Nemelex Xobeh the Trickster
   926 | D:1      | Reached * piety under Nemelex Xobeh
   926 | D:1      | Received a gift from Nemelex Xobeh
  1226 | D:2      | Found a runed translucent door.
  1227 | D:2      | Noticed Crazy Yiuf
  1234 | D:2      | Mangled by Crazy Yiuf

Illustrated notes

Levels and vault maps discovered:
D:1:      dpeg_arrival_tiny_a, layout_loops_cross, ebering_ecumenical_altar_webs
D:2:      layout_rooms, minivault_4, minivault_11, lemuel_old_faithful,
          uniq_crazy_yiuf_cottage, uniq_robin

Skill      XL: |  1  2  3 |
---------------+----------+-----
Spellcasting   | 2 |  2.0
Fighting       | |  1.0
Dodging        | |  2.2
Unarmed Combat | |  3.8

Action                   || total
-------------------------++-------
Melee: Unarmed           ||    91
       Headbutt          ||     1
       Punch             ||     1
 Cast: Beastly Appendage ||     2
       Wereblood         ||     1
       Spider Form       ||     1
Armor: Robe              ||    20
Dodge: Dodged            ||    53
